 Dungeon Crawl Stone Soup version 0.23.2-1-ga50397a (webtiles) character file.

Game seed: 6514558345825698789

70 Mrkaede the Ogre Mage (level 4, 0/41 HPs)
             Began as an Ogre Wizard on May 8, 2019.
             Succumbed to an adder's poison
             ... on level 3 of the Dungeon.
             The game lasted 00:07:40 (2789 turns).

Mrkaede the Ogre Mage (Ogre Wizard)                 Turns: 2789, Time: 00:07:41

Health: 0/41       AC:  3    Str: 16    XL:     4   Next: 21%
Magic:  4/10       EV: 10    Int: 20    God:
Gold:   76         SH:  0    Dex:  7    Spells: 10/11 levels left

rFire    . . .     SeeInvis .   i - +0 dagger (speed)
rCold    . . .     Gourm    .   (no shield)
rNeg     . . .     Faith    .   a - +0 robe
rPois    .         Spirit   .   b - +0 hat
rElec    .         Reflect  .   (no cloak)
rCorr    .         Harm     .   (gloves unavailable)
MR       .....                  (boots unavailable)
Stlth    ++........             (no amulet)
HPRegen  0.13/turn              (no ring)
MPRegen  0.12/turn              (no ring)

@: mighty, lethally poisoned (0 -> -18), flying, hasted, very quick
A: large, unfitting armour, tough skin 1
a: no special abilities


You were on level 3 of the Dungeon.
You were not hungry.

You visited 1 branch of the dungeon, and saw 3 of its levels.

You collected 76 gold pieces.

Inventory:

Hand Weapons
 g - a +0 club
 i - a +0 dagger of speed (weapon)
Armour
 a - a +0 robe (worn)
 b - a +0 hat (worn)
Scrolls
 c - 2 scrolls of teleportation {unknown}
 e - 4 scrolls of identify {unknown}
 l - a scroll of enchant armour {unknown}
 n - a scroll of magic mapping {unknown}
Potions
 m - a potion of invisibility {unknown}
Comestibles
 d - 7 rations


   Skills:
 + Level 1.5 Fighting
 + Level 2.4 Dodging
 + Level 1.9 Stealth
 + Level 4.2 Spellcasting
 + Level 1.5 Conjurations
   Level 0.8 Summonings
   Level 0.8 Translocations


You had 10 spell levels left.
You knew the following spells:

 Your Spells              Type           Power        Failure   Level  Hunger
a - Magic Dart            Conj           ##..         7%          1    None

Your spell library contained the following spells:

 Spells                   Type           Power        Failure   Level  Hunger
 Blink                    Tloc           N/A          13%         2    #......
 Call Imp                 Summ           #.......     13%         2    #......
 Slow                     Hex            #.......     19%         2    #......
 Conjure Flame            Conj/Fire      #.......     26%         3    ###....
 Mephitic Cloud           Conj/Pois/Air  #.......     30%         3    ###....


Dungeon Overview and Level Annotations

Branches:
Dungeon (3/15)

Altars:


Innate Abilities, Weirdness & Mutations

You are too large for most types of armour.
You have tough skin. (AC +1)


Message History

The adder poisons you!
* * * LOW HITPOINT WARNING * * *
You feel sick.
It was a potion of flight.
You feel very buoyant.
You fly up into the air.
* * * LOW HITPOINT WARNING * * *
You feel sick. The adder bites you.
* * * LOW HITPOINT WARNING * * *
You are more poisoned.
The adder poisons you!
It was a potion of haste.
You feel yourself speed up.
* * * LOW HITPOINT WARNING * * *
You feel sick. The adder closely misses you. The adder bites you.
* * * LOW HITPOINT WARNING * * *
You are more poisoned.
The adder poisons you!
It was a potion of might.
You feel very mighty all of a sudden.
You die...

...##.# #..........
......# #..........
...#### ##.########
...# #.# #### #.#
#.# #l#
###########S#
#.........@.#
#######.###########
.......<.......
w........######
#######.## #.# #.#
#.# #.#


You could see an adder and a frilled lizard.

Vanquished Creatures
  2 adders (D:2)
  A worm (D:2)
  3 leopard geckos
  9 bats
  A giant cockroach (D:1)
  5 hobgoblins
  3 jackals (D:2)
  4 frilled lizards
  5 goblins
  9 kobolds
  3 rats
45 creatures vanquished.

Notes
Turn   | Place    | Note
-------+----------+-------------------------------------------
     0 | D:1      | Mrkaede the Ogre Wizard began the quest for the Orb.
     0 | D:1      | Reached XP level 1. HP: 16/16 MP: 5/5
     7 | D:1      | Noticed a minotaur skeleton
    18 | D:1      | Noticed a minotaur skeleton
   273 | D:1      | Reached XP level 2. HP: 14/24 MP: 1/6
   357 | D:1      | Reached skill level 1 in Conjurations
   646 | D:1      | Reached skill level 4 in Spellcasting
   736 | D:1      | Reached XP level 3. HP: 32/32 MP: 6/8
   774 | D:1      | Reached skill level 1 in Fighting
  2127 | D:2      | Reached XP level 4. HP: 27/41 MP: 1/10
  2788 | D:3      | HP: 1/41 [adder (2)]
  2789 | D:3      | Succumbed to an adder's poison

Skill      XL: |  1  2  3 |
---------------+----------+-----
Dodging        | 2 |  2.4
Conjurations   | 1 |  1.5
Spellcasting   | 4 |  4.2
Fighting       | 1 |  1.5
Stealth        | |  1.9
Summonings     | |  0.8
Translocations | |  0.8

Action                   |  1- 3 |  4- 6 || total
-------------------------+-------+-------++-------
Melee: Unarmed           |    12 |       ||    12
       Club              |    21 |       ||    21
       Dagger            |    36 |       ||    36
 Cast: Magic Dart        |    89 |    32 ||   121
  Use: Potion            |       |     3 ||     3
  Eat: Ration            |     1 |       ||     1
       Chunk             |       |     2 ||     2
Armor: Robe              |    17 |     1 ||    18
Dodge: Dodged            |    52 |     3 ||    55
